Map: [ESL] Tropical Sacrifice

Players

MaxPax - Winner!

  • Race: Protoss Protoss
  • Spawn Location: 7:00

ShaDoWn

  • Race: Protoss Protoss
  • Spawn Location: 1:00

Event: DreamHack SC2 Masters 2022 Atlanta (Online)

VOD

https://www.youtube.com/watch?v=0fUTGhy8M_w

Description

Time

  • Played on: Oct. 12, 2022, 10:19 a.m.
  • Length: 5:07

All games in this series

Show
View Real Time Build Order
Export as new Build Order

MaxPax Protoss - Winner!

Build Orders: 1 Gate Expand, Proxy Void Ray 

Get SALT Encoding   

  12  0:00  Probe  
  13  0:12  Probe  
  14  0:20  Pylon  
  14  0:24  Probe  
  15  0:38  Probe (Chrono Boost)  
  15  0:41  Gateway  
  16  0:47  Probe (Chrono Boost)  
  16  0:49  Assimilator  
  17  0:52  Probe (Chrono Boost)  
  18  1:04  Probe  
  19  1:16  Probe  
  20  1:25  Nexus  
  20  1:36  Cybernetics Core  
  20  1:39  Probe  
  21  1:45  Assimilator  
  21  1:51  Probe  
  22  1:55  Pylon  
  22  2:10  Probe  
  22  2:12  Stargate  
  22  2:14  Adept (Chrono Boost)  
  26  2:22  Probe  
  26  2:34  Probe  
  27  2:37  Stalker  
  27  2:38  Probe  
  30  2:46  Shield Battery  
  34  3:01  Void Ray (Chrono Boost)  
  34  3:07  Forge  
  34  3:10  Probe  
  39  3:29  Void Ray (Chrono Boost)  
  39  3:32  Shield Battery  
  39  3:40  Zealot  
  42  3:45  Photon Cannon  
  41  3:52  Pylon  
  41  4:08  Void Ray (Chrono Boost)  
  41  4:09  Shield Battery  
  45  4:20  Photon Cannon  
  47  4:44  Pylon  
  47  4:48  Probe  
  47  4:49  Probe  
Show
View Real Time Build Order
Export as new Build Order

ShaDoWn Protoss 

Build Orders:  

Get SALT Encoding   

  12  0:01  Probe  
  13  0:13  Probe  
  14  0:17  Pylon  
  14  0:25  Probe  
  15  0:35  Gateway  
  15  0:37  Probe (Chrono Boost)  
  16  0:47  Probe (Chrono Boost), Assimilator  
  17  0:52  Probe (Chrono Boost)  
  17  0:56  Assimilator  
  18  1:03  Probe (Chrono Boost)  
  19  1:09  Gateway  
  19  1:14  Probe (Chrono Boost)  
  20  1:19  Probe (Chrono Boost)  
  21  1:25  Cybernetics Core  
  21  1:30  Probe  
  22  1:41  Pylon  
  22  1:42  Probe  
  23  1:59  Probe, Gateway  
  23  2:01  Warp Gate (Chrono Boost)  
  24  2:03  Stalker  
  26  2:11  Stalker  
  28  2:23  Pylon  
  30  2:40  Stalker (Chrono Boost)  
  30  2:44  Stalker (Chrono Boost)  
  32  2:48  Stalker (Chrono Boost)  
  34  3:02  Pylon  
  34  3:03  Stalker  
  35  3:06  Stalker  
  39  3:26  Gateway  
  37  3:44  Stalker x3  
  43  4:07  Stalker x3  
  47  4:12  Pylon  
  45  4:24  Stalker  
  45  4:31  Stalker  
  49  4:33  Stalker  
  51  4:41  Stalker  
Tags
 
Add a new tag
Caveats
  • Supply blocks, unpowered buildings, or Contaminate may cause inaccurate times.
  • Supply counts are checked every 10 seconds.